 Dungeon Crawl Stone Soup version 0.19.0-17-g07987d3 (webtiles) character file.

1752 sugabear the Twirler (level 9, -3/46 HPs)
             Began as a Vine Stalker Gladiator on Nov 11, 2016.
             Slain by Duvessa
             ... wielding a +0 short sword
              (7 damage)
             ... on level 4 of the Dungeon.
             The game lasted 00:08:07 (2850 turns).

sugabear the Twirler (Vine Stalker Gladiator)       Turns: 2850, Time: 00:08:08

Health: -3/46      AC: 13    Str: 19    XL:     9   Next: 6%
Magic:  0/10       EV: 13    Int:  8    God:
Gold:   233        SH:  0    Dex: 12    Spells: 0 memorised, 8 levels left

rFire  . . .     SeeInvis .     j - +2 broad axe (flame)
rCold  + . .     Gourm    .     r - +0 ring mail (curse)
rNeg   . . .     Faith    .     (no shield)
rPois  .         Spirit   +     c - +0 helmet
rElec  .         Reflect  .     y - +2 cloak
rCorr  .         Harm     .     (no gloves)
MR     +....                    t - +2 pair of boots {run}
Stlth  ++........               (no amulet)
                                F - -5 ring of dexterity (curse)
                                q - ring of protection from cold (curse)

@: quick
A: fangs 3, regeneration 1, magic shield, antimagic bite, no device heal 3, rot
immunity
a: no special abilities


You were on level 4 of the Dungeon.
You were hungry.

You visited 1 branch of the dungeon, and saw 6 of its levels.

You collected 233 gold pieces.

Inventory:

Hand Weapons
 a - a +0 quarterstaff
 d - a +3 whip of electrocution
 j - a +2 broad axe of flaming (weapon)
Armour
 c - a +0 helmet (worn)
 r - a cursed +0 ring mail (worn)
 t - a +2 pair of boots of running (worn)
 v - a +2 robe of resistance
 y - a +2 cloak (worn)
 D - the +0 robe "Coeliworr" {rPois Dex+3}
   (You found it on level 5 of the Dungeon)

   It affects your dexterity (+3).
   It protects you from poison.
Jewellery
 h - an uncursed ring of see invisible
 i - a +2 ring of strength
 o - an uncursed ring of stealth
 q - a cursed ring of protection from cold (left hand)
 F - a cursed -5 ring of dexterity (right hand)
Wands
 w - a wand of flame (48/48)
Scrolls
 e - 2 scrolls of enchant weapon
 m - 6 scrolls of identify
 s - a scroll of fear
Potions
 b - a potion of mutation {unknown}
 g - a potion of berserk rage {unknown}
 u - 2 potions of flight {unknown}
 z - a potion of agility {unknown}
 A - a potion of degeneration {unknown}
Comestibles
 f - 4 bread rations
 k - 3 fruits
 l - 7 chunks of flesh
 n - a slice of pizza
 x - a meat ration


   Skills:
 + Level 4.3 Fighting
 + Level 1.7(2.1) Axes
 + Level 1.6(4.9) Maces & Flails
 + Level 7.0(7.1) Staves
 + Level 2.2 Throwing
 + Level 3.0 Armour
 + Level 4.6 Dodging
 + Level 3.3 Stealth


You had 8 spell levels left.
You didn't know any spells.

Dungeon Overview and Level Annotations

Branches:
Dungeon (6/15)
 Temple: D:4-7

Altars:
Xom
The Shining One

Annotations:
D:4 Duvessa


Innate Abilities, Weirdness & Mutations

You have razor-sharp teeth.
Your natural rate of healing is unusually fast.
When hurt, damage is shared between your health and your magic reserves.
Your bite disrupts and absorbs the magic of your enemies.
Potions and wands cannot restore your health.
You are immune to rotting.


Message History

You slash Duvessa! You burn Duvessa. Your bite misses Duvessa.
Duvessa is moderately wounded.
Duvessa struggles against the net.
The net rips apart, and Duvessa comes free!
Duvessa closely misses you.
You slash Duvessa! You burn Duvessa.
Duvessa is heavily wounded.
Duvessa hits you but does no damage. Duvessa hits you with a short sword!
* * * LOW HITPOINT WARNING * * *
Duvessa hits you but does no damage.
You hit Duvessa but do no damage.
Duvessa is heavily wounded.
Duvessa hits you with a short sword!
* * * LOW HITPOINT WARNING * * *
Duvessa barely misses you.
Unknown command.
You hit Duvessa but do no damage. You bite Duvessa, but do no damage.
Duvessa is heavily wounded.
Duvessa hits you with a short sword!
You die...

#. ######### ...
#..# #.......#
... #..#
#.#####.# ..##..
#.# #...# .. .%.
#.# #.#.# #.
#.### #.# #...#
#. #.#.###.#
##.###
#.#)##....##.#
#.# #
#..e@........#
#.# #
#....)[.......##
##.###
########.....##
##...##
##..........#.<.
##.#######...##
### #..... ###
#...## #..
.....## #.#
#####.##


You could see Duvessa (berserk).

Vanquished Creatures
  Pikel (D:5)
  Prince Ribbit (D:5)
  Menkaure (D:5)
  A water moccasin (D:6)
  A sky beast (D:6)
  An ogre (D:5)
  A centaur (D:5)
  A scorpion (D:6)
  Dowan (D:4)
  A hound (D:3)
  A bullfrog skeleton (D:5)
  2 orc priests
  An iguana (D:5)
  A centaur skeleton (D:3)
  Ijyb (D:2)
  5 orc wizards
  A worker ant (D:6)
  A hound skeleton (D:4)
  11 gnolls
  4 adders
  2 oozes
  An adder skeleton (D:4)
  7 dart slugs
  2 leopard geckos
  9 orcs
  A ball python (D:3)
  11 bats
  4 giant cockroaches
  6 hobgoblins
  17 jackals
  5 quokkas
  3 frilled lizards
  8 goblins
  8 kobolds
  4 rats
126 creatures vanquished.

Vanquished Creatures (others)
  A bullfrog (D:6)
  2 worker ants (D:6)
  A leopard gecko (D:6)
  A jackal (D:6)
  A giant cockroach zombie (D:6)
6 creatures vanquished.

Grand Total: 132 creatures vanquished

Notes
Turn   | Place    | Note
-------+----------+-------------------------------------------
     0 | D:1      | sugabear the Vine Stalker Gladiator began the quest for the Orb.
     0 | D:1      | Reached XP level 1. HP: 11/11 MP: 2/2
    92 | D:1      | Reached XP level 2. HP: 10/15 MP: 3/3
   205 | D:1      | Reached skill level 3 in Staves
   721 | D:1      | Reached XP level 3. HP: 15/18 MP: 2/4
   756 | D:2      | Reached skill level 1 in Stealth
   895 | D:2      | Noticed Ijyb
   905 | D:2      | Killed Ijyb
   905 | D:2      | Gained mutation: Your natural rate of healing is unusually fast. [Vine Stalker growth]
   905 | D:2      | Reached XP level 4. HP: 23/23 MP: 5/5
  1200 | D:2      | Identified a +1 pair of boots of running (You found it on level 2 of the Dungeon)
  1238 | D:2      | Reached XP level 5. HP: 26/26 MP: 6/6
  1241 | D:2      | Reached skill level 4 in Staves
  1493 | D:3      | Reached skill level 1 in Armour
  1606 | D:3      | Reached XP level 6. HP: 32/32 MP: 7/7
  1729 | D:3      | Reached skill level 1 in Axes
  1762 | D:3      | You fall through a shaft for 3 floors!
  1912 | D:6      | Noticed a sky beast
  1921 | D:6      | Killed a sky beast
  1975 | D:6      | Reached skill level 5 in Staves
  1985 | D:6      | Found a glowing golden altar of the Shining One.
  2029 | D:6      | Noticed a water moccasin
  2048 | D:6      | Killed a water moccasin
  2048 | D:6      | Reached XP level 7. HP: 17/35 MP: 4/8
  2125 | D:6      | Found a shimmering altar of Xom.
  2131 | D:5      | Entered Level 5 of the Dungeon
  2131 | D:5      | Noticed Pikel
  2169 | D:5      | Killed Pikel
  2169 | D:5      | Reached skill level 6 in Staves
  2169 | D:5      | Gained mutation: You have razor-sharp teeth. [Vine Stalker growth]
  2169 | D:5      | Reached XP level 8. HP: 6/41 MP: 7/9
  2189 | D:5      | Noticed Menkaure
  2245 | D:5      | Killed Menkaure
  2269 | D:5      | Noticed Prince Ribbit
  2299 | D:5      | Killed Prince Ribbit
  2464 | D:5      | Got a steaming robe
  2465 | D:5      | Identified the +0 robe "Coeliworr" {rPois Dex+3} (You found it on level 5 of the Dungeon)
  2572 | D:5      | Reached skill level 7 in Staves
  2756 | D:4      | Reached skill level 1 in Maces & Flails
  2833 | D:4      | Noticed Dowan
  2835 | D:4      | Reached XP level 9. HP: 45/46 MP: 10/10
  2837 | D:4      | Noticed Duvessa
  2837 | D:4      | Killed Dowan
  2850 | D:4      | Slain by Duvessa

Skill      XL: |  1  2  3  4  5  6  7  8  9 |
---------------+----------------------------+-----
Fighting       | 2 3 4 |  4.3
Staves         | 3 4 5 6 7 |  7.0
Stealth        | 1 2 3 |  3.3
Dodging        | 3 4 |  4.6
Armour         | 1 2 3 |  3.0
Axes           | 1 |  1.7
Throwing       | 2 |  2.2
Maces & Flails | 1 |  1.6

Action                   |  1- 3 |  4- 6 |  7- 9 || total
-------------------------+-------+-------+-------++-------
Melee: Quarterstaff      |    78 |   142 |    18 ||   238
       Bite              |    17 |    40 |    35 ||    92
       Broad axe         |       |    23 |    41 ||    64
       Whip              |       |       |    59 ||    59
Throw: Throwing net      |       |       |     4 ||     4
  Use: Scroll            |       |       |    10 ||    10
 Stab: Sleeping          |     8 |     5 |     1 ||    14
       Distracted        |       |       |     1 ||     1
  Eat: Chunk             |       |     4 |     2 ||     6
Armor: Leather armour    |    17 |       |       ||    17
       Ring mail         |    13 |    90 |    37 ||   140
Dodge: Dodged            |    66 |   156 |    76 ||   298
